 Dungeon Crawl Stone Soup version 0.27-a0-899-ge2d0b17c59 (webtiles) character file.

Game seed: 17051506573625906044

274 robertstho the Sneak (level 6, -3/43 HPs)
             Began as an Octopode Berserker on Apr 5, 2021.
             Was a Believer of Trog.
             Slain by a gnoll sergeant
             ... wielding a +0 spear
              (7 damage)
             ... on level 7 of the Dungeon.
             The game lasted 00:05:21 (2907 turns).

robertstho the Sneak (Octopode Berserker)           Turns: 2907, Time: 00:05:21

Health: -3/43      AC:  1    Str: 17    XL:     6   Next: 24%
Magic:  6/6        EV: 14    Int: 12    God:    Trog [**....]
Gold:   953        SH:  3    Dex: 16    Spells: 5/5 levels left

rFire    + . .     SeeInvis .   e - +0 dagger (holy)
rCold    . . .     Faith    .   h - +0 buckler
rNeg     + . .     Spirit   .   (helmet restricted)
rPois    .         Reflect  .   (no amulet)
rElec    .         Harm     .   i - ring "Vieg" {rF+ rN+ Dex+4}
rCorr    .         Rampage  .   d - ring "Ithar" {Will+ Int+2 Slay+6}
Will     +....                  (no ring)
Stlth    ++++......             (no ring)
HPRegen  0.14/turn              (no ring)
MPRegen  0.10/turn              (no ring)
                                (no ring)
                                (no ring)

@: berserk cooldown, flying, slowed, very slow
A: almost no armour, amphibious, 8 rings, camouflage 1, gelatinous body 1,
(nimble swimmer 1), tentacles
a: Renounce Religion, Berserk, Trog's Hand


You were on level 7 of the Dungeon.
You worshipped Trog.
Trog was pleased with you.
You visited 1 branch of the dungeon, and saw 5 of its levels.

You collected 953 gold pieces.

Inventory:

Hand Weapons
 e - a +0 dagger of holy wrath (weapon)
Armour
 h - a +0 buckler (worn)
Jewellery
 b - a +6 ring of strength
 d - the ring "Ithar" (right tentacle) {Will+ Int+2 Slay+6}
   (You acquired it on level 3 of the Dungeon)

   [ring of willpower]

   It affects your intelligence (+2).
   It affects your accuracy and damage with ranged weapons and melee attacks
   (+6).
   It increases your willpower.
 i - the ring "Vieg" (left tentacle) {rF+ rN+ Dex+4}
   (You acquired it on level 3 of the Dungeon)

   [ring of positive energy]

   It affects your dexterity (+4).
   It protects you from fire.
   It protects you from negative energy.
Scrolls
 a - a scroll of fear
 c - a scroll of silence
 f - 2 scrolls of enchant armour
 g - a scroll of immolation
 j - a scroll of blinking {unknown}
 k - a scroll of identify


   Skills:
 * Level 4.0 Fighting
 + Level 3.8 Short Blades
 * Level 4.0 Dodging
 * Level 5.5 Stealth


You had 5 spell levels left.
You didn't know any spells.
Your spell library was empty.

Dungeon Overview and Level Annotations

Branches:
Dungeon (4/15)
 Temple: D:4-7

Altars:
Xom

Annotations:
D:7 Menkaure


Innate Abilities, Weirdness & Mutations

You cannot wear most types of armour.
You are amphibious.
You can wear up to eight rings at the same time.
Your skin changes colour to match your surroundings (Stealth+).
Your rubbery body absorbs attacks. (AC +1, EV +1)
((You are camouflaged near water. (Stealth+)))
You have tentacles for arms and can constrict up to eight enemies at once.


Message History

Trog appreciates your killing of a magic user.
Reactivating autopickup.
You feel a bit more experienced.
Menkaure calls on the powers of darkness!
The gnoll convulses!
The gnoll sergeant convulses!
The orc warrior convulses!
Your body is wracked with pain!
The gnoll sergeant hits you from afar with a +0 spear!
* * * LOW HITPOINT WARNING * * *
You hear a shout!
Your Fighting skill increases to level 4!
You're too confused to move!
The gnoll sergeant barely misses you.
You are too berserk!
You bump into the rock wall.
You feel a strong urge to attack something.
You bump into the rock wall.
You are no longer berserk.
You are exhausted.
You feel yourself slow down.
The gnoll sergeant completely misses you.
It was a potion of flight.
You feel very buoyant.
You fly up into the air.
You feel less confused. The gnoll sergeant barely misses you.
Menkaure sighs in an indecipherable tongue.
The gnoll sergeant completely misses you.
You see here a +0 club.
The gnoll sergeant misses you.
The gnoll sergeant hits you from afar with a +0 spear.
* * * LOW HITPOINT WARNING * * *
Menkaure calls on the powers of darkness!
The gnoll sergeant convulses!
The gnoll convulses!
Your body is wracked with pain!
* * * LOW HITPOINT WARNING * * *
The orc warrior convulses!
The orc convulses!
You hear a shout!
You see here a +6 ring of strength.
b - a +6 ring of strength The gnoll sergeant hits you from afar with a +0 spear!
You die...

##g###o#........
#g# #)#........
#.# #.#........
##.###o#........
#...............
#.....#og.###...
. #.####.#g.#
... #.
###.#.M###...#
>.........@..#
..........#####
###.####.#.#
#.#.# #.#.# .
#.. ##


You could see an orc warrior, a gnoll sergeant, Menkaure (fast), a gnoll and an
orc.

Vanquished Creatures
  2 orc priests (D:3)
  A hound (D:2)
  A centaur skeleton (D:3)
  An orc wizard (D:7)
  2 gnolls
  4 adders
  2 worms (D:2)
  3 dart slugs
  An orc (D:3)
  5 ball pythons
  6 bats
  5 endoplasms (D:1)
  3 giant cockroaches
  7 hobgoblins
  11 jackals
  2 kobolds (D:1)
  2 quokkas
  3 frilled lizards
  3 goblins
  6 rats
70 creatures vanquished.

Notes
Turn   | Place    | Note
-------+----------+-------------------------------------------
     0 | D:1      | robertstho the Octopode Berserker began the quest for the
                  | Orb.
     0 | D:1      | Reached XP level 1. HP: 16/16 MP: 1/1
    47 | D:1      | Reached XP level 2. HP: 14/21 MP: 2/2
   508 | D:1      | Reached skill level 1 in Stealth
   508 | D:1      | Reached XP level 3. HP: 22/26 MP: 3/3
  1255 | D:2      | Reached ** piety under Trog
  1263 | D:2      | Found a shimmering altar of Xom.
  1272 | D:2      | Reached skill level 2 in Stealth
  1272 | D:2      | Reached XP level 4. HP: 32/32 MP: 4/4
  1573 | D:2      | Found a faded altar of an unknown god.
  1846 | D:2      | Reached skill level 3 in Stealth
  2168 | D:3      | Identified Japni's Almanac of the Nocuous Birds
  2172 | D:3      | Reached XP level 5. HP: 33/37 MP: 5/5
  2219 | D:3      | Reached skill level 4 in Stealth
  2467 | D:3      | Reached skill level 5 in Stealth
  2550 | D:3      | Identified 3 scrolls of acquirement
  2556 | D:3      | Reached XP level 6. HP: 43/43 MP: 6/6
  2767 | D:3      | Acquired the ring "Vieg" {rF+ rN+ Dex+4}
  2769 | D:3      | Acquired 842 gold pieces
  2771 | D:3      | Acquired the ring "Ithar" {Will+ Int+2 Slay+6}
  2870 | D:4      | You fall into a shaft and drop 3 floors!
  2881 | D:7      | Noticed an orc warrior
  2883 | D:7      | Noticed Menkaure
  2907 | D:7      | Slain by a gnoll sergeant

Illustrated notes

Levels and vault maps discovered:
D:1:      sevenhm_arrival_forest_fort_small_6, layout_basic
D:2:      layout_basic, basic_altar, shapermc_ecumenical_altar_totnotflames,
          minmay_puff
D:3:      layout_basic
D:4:      layout_gridville, hangedman_ru_absence,
          minmay_temple_entry_glassed_door
D:7:      layout_loops_ring, overflow_temple_1_default, uniq_menkaure

Skill      XL: |  1  2  3  4  5  6 |
---------------+-------------------+-----
Stealth        | 1 2 3 5 |  5.5
Dodging        | 4 |  4.0
Fighting       | 4 |  4.0
Short Blades   | |  3.8

Action                   |  1- 3 |  4- 6 || total
-------------------------+-------+-------++-------
Melee: Short sword       |    64 |       ||    64
       Constrict         |    15 |    18 ||    33
       Tentacles         |     9 |    20 ||    29
       Dagger            |     2 |    70 ||    72
Invok: Berserk           |       |     1 ||     1
  Use: Scroll            |       |    10 ||    10
       Potion            |       |     1 ||     1
 Stab: Sleeping          |     8 |    14 ||    22
Armor: Skin              |     7 |     1 ||     8
Dodge: Dodged            |    43 |    40 ||    83

Table legend: (Time is in decaauts)
 A = Elapsed time spent in this place.
 B = Non-inter-level travel time spent in this place.
 C = Inter-level travel time spent in this place.
 D = Time resting spent in this place.
 E = Time spent auto-exploring this place.
 F = Levels seen in this place.
 G = Mean time per level.
                   A        B        C        D        E       F      G
               +--------+--------+--------+--------+--------+-----+--------+
         Total |   2888 |   2769 |    119 |      0 |   2323 |   5 |  577.6 |
       Dungeon |   2888 |   2769 |    119 |      0 |   2323 |   5 |  577.6 |
               +--------+--------+--------+--------+--------+-----+--------+

Top non-repeatable levels by time:
     D:1: 1215 daAuts
     D:2: 884 daAuts
     D:3: 685 daAuts
     D:4: 67 daAuts
     D:7: 35 daAuts
